AoeStats
← googleplazadorn

Pilgrims

508580315Analyzed
3v3 RM · 10d ago on Sep 23, 2026· 29m 16s· 6 players
Game mode
Random Map
Map size
Normal (6 player)
Population
200
Speed
Normal
Resources
Standard
Victory
Conquest
Starting age
Dark Age
Ending age
Imperial Age
RankedLock teamsTeams togetherTeam positionsShared explorationLock speedFull tech treeHidden civsTurbo modeCheats
Victory
Defeat
🇦🇷 Dravidians · Argentina
1144
+16
🇦🇷 Italians · Argentina
1123
+17
🇦🇷 Varangians · Argentina
1118
+17
🇺🇸 Danes · United States
1168
-18
🇺🇸 Huns · United States
1136
-16
🇺🇸 Bulgarians · United States
1134
-16
BIG TUCA
12:34 Feudal Age
15:04 Fletching
15:11 Double-Bit Axe
17:57 Fishing Lines
22:01 Castle Age
19:48 Loom
23:28 Bodkin Arrow
24:01 Medium Warships
24:47 Gillnets
26:36 Careening
26:38 Clinker Construction
27:41 Bow Saw
28:25 Wheelbarrow
29:08 Ballistics
Krgoso
9:21 Loom
11:07 Feudal Age
9:25 Loom
11:39 Double-Bit Axe
11:46 Gold Mining
13:25 Fletching
18:07 Castle Age
19:06 Medium Warships
18:38 Fishing Lines
19:24 Bow Saw
19:18 Bodkin Arrow
22:42 Squires
23:11 Padded Archer Armor
24:58 Wheelbarrow
25:29 Thumb Ring
25:54 Devotion
26:44 Leather Archer Armor
28:22 Husbandry
tio huscarle
5:36 Loom
14:47 Feudal Age
16:32 Double-Bit Axe
16:40 Stone Mining
16:53 Fletching
19:55 Castle Age
19:42 Padded Archer Armor
21:35 Wheelbarrow
27:04 Imperial Age
24:52 Bodkin Arrow
25:12 Leather Archer Armor
25:53 Ballistics
27:53 Bracer
28:19 Bow Saw
Plazagoogledorn
7:40 Loom
10:08 Feudal Age
10:59 Double-Bit Axe
18:06 Castle Age
16:44 Bloodlines
18:46 Forging
18:42 Scale Barding Armor
21:34 Scale Mail Armor
21:41 Fletching
26:33 Bodkin Arrow
28:09 Wheelbarrow
boogertime
3:57 Loom
11:31 Feudal Age
11:45 Man-at-Arms
12:53 Arson
13:23 Forging
16:45 Castle Age
16:43 Gold Mining
16:46 Fletching
17:04 Long Swordsman
18:03 Squires
19:02 Bodkin Arrow
19:13 Gambesons
19:27 Double-Bit Axe
22:10 Horse Collar
22:57 Careening
25:26 Clinker Construction
27:43 Heavy Plow
28:26 Scale Mail Armor
29:20 Ballistics
googleplazadorn
8:54 Loom
10:56 Feudal Age
17:12 Castle Age
16:29 Double-Bit Axe
17:09 Bloodlines
17:36 Gold Mining
20:22 Husbandry
22:07 Fletching
23:24 Gold Shaft Mining
23:21 Horse Collar
24:12 Ballistics
24:44 Bodkin Arrow
25:03 Heavy Plow
28:01 Padded Archer Armor
28:59 Bow Saw
28:41 Stone Mining
Connection lost

Rejoining the realm…

Still unreachable

The connection could not be restored.

Session expired

The server has moved on; the page needs a fresh start.